Influenza vs Atomiques
(R1)
Created - 11 novembre 2013 at 19:03
Goals
|
| Influenza |
3 |
0 |
0 |
3 |
| Atomiques |
1 |
3 |
1 |
5 |
|
Shots
|
| Influenza |
12 |
15 |
7 |
34 |
| Atomiques |
9 |
12 |
10 |
31 |
|
1st period
1. Influenza , Rob Schremp 5 (Jamie McBain) at 4:58
2. Atomiques , John Carlson 1 (Mattias Ohlund, John Zeiler) at 13:36 (PP)
3. Influenza , Justin Abdelkader 8 (Noah Welch) at 13:52
4. Influenza , Rob Schremp 6 (Tim Gleason, Noah Welch) at 18:40
Penalties :
Ben Smith (VJB) for Roughing (Minor) at 12:56
2nd period
5. Atomiques , John Zeiler 11 (Brad Winchester, Tyler Brenner) at 6:24
6. Atomiques , Brad Winchester 8 (John Zeiler, John Carlson) at 14:25
7. Atomiques , Brandon Dubinsky 11 (Alexandre Daigle, Linus Omark) at 19:32 (PP)
Penalties :
Mattias Ohlund (STB) for Roughing (Double Minor) at 1:12, Luke Schenn (STB) for Roughing (Minor) at 14:48, Ryan Carter (VJB) for High sticking (Minor) at 14:48, Ben Smith (VJB) for Holding (Minor) at 17:37
3rd period
8. Atomiques , Linus Omark 9 (Brandon Dubinsky, Alexandre Daigle) at 1:15
Penalties :
Cody McCormick (VJB) for Holding (Minor) at 2:34, Drew Larman (STB) for Tripping (Minor) at 6:00, Martins Karsums (VJB) for Tripping (Minor) at 6:26, Tim Gleason (VJB) for Tripping (Minor) at 11:41, Kenndal McArdle (STB) for Holding (Minor) at 18:23
Goalie Stats
Alex Stalock (VJB), 18 saves from 23 shots - (0,783), L, 1-2-0, 41:15 minutes
Brent Krahn (VJB), 8 saves from 8 shots - (1,000), 18:45 minutes
Mark Dekanich (STB), 31 saves from 34 shots - (0,912), W, 2-5-0, 60:00 minutes
Players Stats for Influenza
Player Name G A P +/- PIM S H SB GA TA FO MP PP MP PK MP
------------------------------------------------------------------------------------
Alexander Sulzer 0 0 0 -1 0 3 0 0 0 0 0/0 12:30 0:31 0:32
Ben Smith 0 0 0 0 4 0 0 0 0 0 0/0 6:43 0:20 0:00
Blake Comeau 0 0 0 2 0 1 0 0 2 0 7/8 22:53 1:59 3:36
Carl Gunnarsson 0 0 0 -1 0 0 0 0 0 0 0/0 12:41 0:31 0:44
Cody McCormick 0 0 0 0 2 1 1 1 1 0 1/3 9:13 1:42 0:16
Jaime Sifers 0 0 0 0 0 0 2 2 1 0 0/0 19:38 1:37 3:06
Jamie McBain 0 1 1 0 0 0 0 0 0 1 0/0 19:38 1:37 3:06
Justin Abdelkader 1 0 1 2 0 3 2 0 1 0 2/3 20:49 1:59 3:00
Marek Zagrapan 0 0 0 0 0 3 1 0 0 0 2/4 8:47 0:00 0:13
Martins Karsums 0 0 0 -2 2 5 3 1 1 1 0/0 15:30 2:19 0:00
Noah Welch 0 2 2 1 0 1 1 2 4 2 0/0 28:25 3:53 3:53
Pierre-Cédric Labrie 0 0 0 0 0 1 0 2 0 0 0/0 10:08 0:00 1:27
Rob Schremp 2 0 2 2 0 6 3 0 3 0 14/21 22:51 1:59 3:37
Robbie Earl 0 0 0 -2 0 1 2 0 1 0 0/0 15:02 2:20 0:16
Ryan Carter 0 0 0 -2 2 3 0 0 0 0 9/15 17:10 2:20 1:32
Ryan Russell 0 0 0 0 0 0 1 0 0 0 0/0 7:59 1:22 0:00
Ryan Vesce 0 0 0 0 0 1 1 0 0 0 0/0 12:19 1:42 0:01
Tim Gleason 0 1 1 1 2 5 0 0 0 0 0/0 27:07 3:53 2:37
Players Stats for Atomiques
Player Name G A P +/- PIM S H SB GA TA FO MP PP MP PK MP
------------------------------------------------------------------------------------
Alexandre Daigle 0 2 2 -1 0 2 0 1 0 0 1/1 16:43 3:20 0:00
Brad Winchester 1 1 2 1 0 4 1 0 1 1 0/1 17:50 3:09 1:33
Brandon Dubinsky 1 1 2 -1 0 4 2 2 0 1 9/29 20:41 3:20 1:49
Brendon Nash 0 0 0 -1 0 1 4 0 1 1 0/0 19:03 2:49 2:11
Brett Sutter 0 0 0 0 0 1 2 0 0 0 2/6 9:48 0:00 0:04
Daniel Tjarnqvist 0 0 0 0 0 1 1 0 0 2 0/0 15:37 0:00 3:41
Drew Larman 0 0 0 0 2 0 1 1 0 0 0/0 7:13 0:26 0:00
John Carlson 1 1 2 0 0 3 0 1 1 2 0/0 26:15 4:10 1:03
John Zeiler 1 2 3 1 0 5 2 0 1 1 0/0 18:50 3:09 1:23
Kenndal McArdle 0 0 0 0 2 3 0 0 0 0 1/1 12:21 0:26 1:03
Linus Omark 1 1 2 -1 0 1 2 1 0 1 0/0 21:49 3:21 3:05
Luke Schenn 0 0 0 0 2 0 1 2 0 2 0/0 18:26 2:49 1:26
Mattias Ohlund 0 1 1 0 4 2 7 1 0 1 0/0 26:55 4:10 1:33
Nick Johnson 0 0 0 0 0 0 2 0 0 0 0/1 7:56 0:30 0:00
Pascal Pelletier 0 0 0 0 0 0 0 0 0 0 0/0 6:03 0:00 0:00
Ryan Shannon 0 0 0 0 0 2 0 0 0 0 0/0 9:54 0:07 0:00
Scott Jackson 0 0 0 1 0 0 0 0 0 1 0/0 14:27 0:00 2:08
Tyler Brenner 0 1 1 1 0 2 1 1 0 1 6/15 20:32 3:09 3:05
3 Stars
1 - Rob Schremp (VJB)
2 - John Zeiler (STB)
3 - Brad Winchester (STB)
Power Play
Influenza - 0 on 4 Attempt(s) - 0,00%
Atomiques - 2 on 5 Attempt(s) - 40,00%
Penalty Kill
Influenza - 3 on 5 Attempt(s) - 60,00%
- Score 0 goal in Penalty Kill
Atomiques - 4 on 4 Attempt(s) - 100,00%
- Score 0 goal in Penalty Kill
Official
Referees : VanMassenhoven Don and Meier Brad
Linesman : Dan Schachte and Steve Miller
Game Notes
Brent Krahn enters game at 1:15 of 3rd period
Finance
Level 1 -- Attendance: 1502 (75,10%) -- Ticket Income 52 570 $
Level 2 -- Attendance: 679 (67,90%) -- Ticket Income 10 185 $
Total Attendance: 2181 (72,70%)
Total Ticket Income: 62 755 $
Other Income: 3 138 $
Total Income: 65 893 $
Influenza
5 vs 5 Forward
Center Left Wing Right Wing Time % Phy DF OF
1 Rob Schremp Justin Abdelkader Blake Comeau 40 1 2 2
2 Ryan Carter Robbie Earl Martins Karsums 30 1 2 2
3 Marek Zagrapan Pierre-Cédric Labrie Ryan Vesce 20 1 2 2
4 Cody McCormick Ryan Russell Ben Smith 10 1 2 2
5 vs 5 Defense
Defense Defense Time % Phy DF OF
1 Noah Welch Tim Gleason 40 1 2 2
2 Jaime Sifers Jamie McBain 30 1 2 2
3 Alexander Sulzer Carl Gunnarsson 20 1 2 2
4 Noah Welch Tim Gleason 10 1 2 2
PowerPlay Forward
Center Left Wing Right Wing Time % Phy DF OF
1 Rob Schremp Justin Abdelkader Blake Comeau 60 1 2 2
2 Ryan Carter Robbie Earl Martins Karsums 40 1 2 2
PowerPlay Defense
Defense Defense Time % Phy DF OF
1 Noah Welch Tim Gleason 60 1 2 2
2 Jaime Sifers Jamie McBain 40 1 2 2
Penalty Kill 4 Players Forward
Center Wing Time % Phy DF OF
1 Blake Comeau Rob Schremp 60 1 2 2
2 Justin Abdelkader Ryan Carter 40 1 2 2
Penalty Kill 4 Players Defense
Defense Defense Time % Phy DF OF
1 Noah Welch Tim Gleason 60 1 2 2
2 Jaime Sifers Jamie McBain 40 1 2 2
Penalty Kill - 3 Players Forward
Forward Time % Phy DF OF
1 Blake Comeau 60 1 2 2
2 Rob Schremp 40 1 2 2
Penalty Kill - 3 Players Defense
Defense Defense Time % Phy DF OF
1 Noah Welch Tim Gleason 60 1 2 2
2 Jaime Sifers Jamie McBain 40 1 2 2
4 vs 4 Forward
Center Wing Time % Phy DF OF
1 Blake Comeau Rob Schremp 60 1 2 2
2 Justin Abdelkader Ryan Carter 40 1 2 2
4 vs 4 Defense
Defense Defense Time % Phy DF OF
1 Noah Welch Tim Gleason 60 1 2 2
2 Jaime Sifers Jamie McBain 40 1 2 2
Last Minutes Offensive
Center Left Wing Right Wing Defense Defense
Rob Schremp Justin Abdelkader Blake Comeau Noah Welch Tim Gleason
Last Minutes Defensive
Center Left Wing Right Wing Defense Defense
Rob Schremp Justin Abdelkader Blake Comeau Noah Welch Tim Gleason
Goaltenders
Starting : Alex Stalock
Backup : Brent Krahn
Extra Forwards
Normal : Ryan Vesce, Cody McCormick, Pierre-Cédric Labrie - PP : Ryan Vesce, Cody McCormick - PK : Pierre-Cédric Labrie
Extra Defensemen
Normal : Alexander Sulzer, Carl Gunnarsson, Jaime Sifers - PP : Alexander Sulzer - PK : Carl Gunnarsson, Jaime Sifers
Penalty Shots
Blake Comeau, Rob Schremp, Justin Abdelkader, Ryan Carter, Martins Karsums
Atomiques
5 vs 5 Forward
Center Left Wing Right Wing Time % Phy DF OF
1 Brandon Dubinsky Linus Omark Alexandre Daigle 40 1 2 2
2 Tyler Brenner Brad Winchester John Zeiler 30 1 2 2
3 Brett Sutter Kenndal McArdle Ryan Shannon 20 1 2 2
4 Drew Larman Pascal Pelletier Nick Johnson 10 1 2 2
5 vs 5 Defense
Defense Defense Time % Phy DF OF
1 Mattias Ohlund John Carlson 40 1 2 2
2 Brendon Nash Luke Schenn 30 1 2 2
3 Daniel Tjarnqvist Scott Jackson 20 1 2 2
4 Mattias Ohlund John Carlson 10 1 2 2
PowerPlay Forward
Center Left Wing Right Wing Time % Phy DF OF
1 Brandon Dubinsky Linus Omark Alexandre Daigle 60 1 2 2
2 Tyler Brenner Brad Winchester John Zeiler 40 1 2 2
PowerPlay Defense
Defense Defense Time % Phy DF OF
1 Mattias Ohlund John Carlson 60 1 2 2
2 Brendon Nash Luke Schenn 40 1 2 2
Penalty Kill 4 Players Forward
Center Wing Time % Phy DF OF
1 Tyler Brenner Linus Omark 60 1 2 2
2 Brandon Dubinsky John Zeiler 40 1 2 2
Penalty Kill 4 Players Defense
Defense Defense Time % Phy DF OF
1 Mattias Ohlund Daniel Tjarnqvist 60 1 2 2
2 Brendon Nash Luke Schenn 40 1 2 2
Penalty Kill - 3 Players Forward
Forward Time % Phy DF OF
1 Linus Omark 60 1 2 2
2 Brad Winchester 40 1 2 2
Penalty Kill - 3 Players Defense
Defense Defense Time % Phy DF OF
1 Mattias Ohlund Daniel Tjarnqvist 60 1 2 2
2 Brendon Nash Luke Schenn 40 1 2 2
4 vs 4 Forward
Center Wing Time % Phy DF OF
1 Brandon Dubinsky Linus Omark 60 1 2 2
2 Tyler Brenner John Zeiler 40 1 2 2
4 vs 4 Defense
Defense Defense Time % Phy DF OF
1 Mattias Ohlund John Carlson 60 1 2 2
2 Brendon Nash Luke Schenn 40 1 2 2
Last Minutes Offensive
Center Left Wing Right Wing Defense Defense
Brandon Dubinsky Brad Winchester Linus Omark Mattias Ohlund Daniel Tjarnqvist
Last Minutes Defensive
Center Left Wing Right Wing Defense Defense
Brandon Dubinsky Brad Winchester Linus Omark Mattias Ohlund Daniel Tjarnqvist
Goaltenders
Starting : Mark Dekanich
Backup : Andrew Raycroft
Extra Forwards
Normal : Linus Omark, Nick Johnson, Kenndal McArdle - PP : Ryan Shannon, Nick Johnson - PK : Kenndal McArdle
Extra Defensemen
Normal : John Carlson, Scott Jackson, Brendon Nash - PP : John Carlson - PK : Scott Jackson, Brendon Nash
Penalty Shots
Alexandre Daigle, Brad Winchester, Brandon Dubinsky, John Zeiler, Linus Omark
% Time on Ice - Influenza
Lines # - Real PCT - Wanted PCT - Time Play
Normal Forward
1 - 36% - 40% - 15:34
2 - 30% - 30% - 12:59
3 - 20% - 20% - 8:30
4 - 15% - 10% - 6:25
Normal Defense
1 - 40% - 40% - 17:21
2 - 30% - 30% - 13:10
3 - 26% - 20% - 11:26
4 - 3% - 10% - 1:31
PP Forward
1 - 61% - 60% - 3:41
2 - 39% - 40% - 2:20
PP Defense
1 - 65% - 60% - 3:53
2 - 35% - 40% - 2:08
PK Forward
1 - 78% - 60% - 5:27
2 - 22% - 40% - 1:32
PK Defense
1 - 56% - 60% - 3:53
2 - 44% - 40% - 3:06
PK3 Forward
1 - 0% - 60%
2 - 0% - 40%
PK3 Defense
1 - 0% - 60%
2 - 0% - 40%
44 Forward
1 - 74% - 60% - 2:36
2 - 26% - 40% - 0:56
44 Defense
1 - 50% - 60% - 1:47
2 - 50% - 40% - 1:45
Last Minute Offensive - 0:00
Last Minute Defensive - 0:00
Total
Forward - 60:00
Defense - 60:00
|
% Time on Ice - Atomiques
Lines # - Real PCT - Wanted PCT - Time Play
Normal Forward
1 - 34% - 40% - 14:39
2 - 31% - 30% - 13:18
3 - 22% - 20% - 9:44
4 - 13% - 10% - 5:47
Normal Defense
1 - 41% - 40% - 17:42
2 - 30% - 30% - 12:57
3 - 26% - 20% - 11:08
4 - 4% - 10% - 1:41
PP Forward
1 - 55% - 60% - 3:50
2 - 45% - 40% - 3:09
PP Defense
1 - 60% - 60% - 4:10
2 - 40% - 40% - 2:49
PK Forward
1 - 77% - 60% - 4:38
2 - 23% - 40% - 1:23
PK Defense
1 - 76% - 60% - 4:35
2 - 24% - 40% - 1:26
PK3 Forward
1 - 0% - 60%
2 - 0% - 40%
PK3 Defense
1 - 0% - 60%
2 - 0% - 40%
44 Forward
1 - 72% - 60% - 2:32
2 - 28% - 40% - 1:00
44 Defense
1 - 52% - 60% - 1:50
2 - 48% - 40% - 1:42
Last Minute Offensive - 0:00
Last Minute Defensive - 0:00
Total
Forward - 60:00
Defense - 60:00
|
Play by Play
1st period
0:01 of 1st period - Brandon Dubinsky wins face-off versus Rob Schremp in neutral zone.
0:06 of 1st period - Slapshot by Alexandre Daigle.
0:06 of 1st period - Stopped by Alex Stalock with a rebound.
0:25 of 1st period - Brad Winchester is hit by Robbie Earl and loses puck.
1:45 of 1st period - Snap shot by John Zeiler.
1:45 of 1st period - Stopped by Alex Stalock with a rebound.
2:06 of 1st period - Slapshot by Marek Zagrapan.
2:06 of 1st period - Deflect By Mattias Ohlund.
2:06 of 1st period - Stopped by Mark Dekanich with a rebound.
3:16 of 1st period - Wrist shot by Ryan Vesce.
3:16 of 1st period - Shot Misses the Net.
3:18 of 1st period - Wrist shot by Marek Zagrapan.
3:18 of 1st period - Shot Misses the Net.
3:20 of 1st period - Wrist shot by Marek Zagrapan.
3:20 of 1st period - Stopped by Mark Dekanich without a rebound.
3:21 of 1st period - Brandon Dubinsky wins face-off versus Rob Schremp in Atomiques zone.
3:59 of 1st period - Snap shot by Ryan Vesce.
3:59 of 1st period - Shot Misses the Net.
4:28 of 1st period - Scott Jackson is hit by Rob Schremp and loses puck.
4:34 of 1st period - Icing by Daniel Tjarnqvist.
4:35 of 1st period - Rob Schremp wins face-off versus Tyler Brenner in Atomiques zone.
4:58 of 1st period - Snap shot by Rob Schremp.
4:58 of 1st period - Goal by Rob Schremp - Influenza : 1 - Atomiques : 0.
4:59 of 1st period - Brett Sutter wins face-off versus Ryan Carter in neutral zone.
5:14 of 1st period - Wrist shot by Ryan Carter.
5:14 of 1st period - Deflect By Martins Karsums.
5:14 of 1st period - Shot Misses the Net.
5:14 of 1st period - Puck is out of play.
5:15 of 1st period - Rob Schremp wins face-off versus Brandon Dubinsky in Atomiques zone.
5:42 of 1st period - Tim Gleason is hit by Mattias Ohlund and loses puck.
6:05 of 1st period - Snap shot by Ryan Vesce.
6:05 of 1st period - Shot Blocked by John Carlson.
6:07 of 1st period - Snap shot by Pierre-Cédric Labrie.
6:07 of 1st period - Shot Misses the Net.
6:09 of 1st period - Wrist shot by Marek Zagrapan.
6:09 of 1st period - Shot Misses the Net.
6:11 of 1st period - Slapshot by Alexander Sulzer.
6:11 of 1st period - Stopped by Mark Dekanich with a rebound.
6:25 of 1st period - Wrist shot by Cody McCormick.
6:25 of 1st period - Shot Misses the Net.
7:16 of 1st period - Snap shot by Brad Winchester.
7:16 of 1st period - Stopped by Alex Stalock with a rebound.
7:18 of 1st period - Slapshot by Tyler Brenner.
7:18 of 1st period - Stopped by Alex Stalock with a rebound.
7:20 of 1st period - Snap shot by Scott Jackson.
7:20 of 1st period - Shot Misses the Net.
7:52 of 1st period - Noah Welch is hit by Nick Johnson and loses puck.
8:13 of 1st period - Alexandre Daigle is hit by Martins Karsums and loses puck.
9:30 of 1st period - Wrist shot by Marek Zagrapan.
9:30 of 1st period - Stopped by Mark Dekanich with a rebound.
9:32 of 1st period - Snap shot by Noah Welch.
9:32 of 1st period - Shot Blocked by Drew Larman.
9:34 of 1st period - Slapshot by Tim Gleason.
9:34 of 1st period - Deflect By Pierre-Cédric Labrie.
9:34 of 1st period - Shot Misses the Net.
9:34 of 1st period - Puck is out of play.
9:35 of 1st period - Brandon Dubinsky wins face-off versus Rob Schremp in Atomiques zone.
9:35 of 1st period - Brandon Dubinsky is hit by Jaime Sifers.
10:01 of 1st period - Ryan Carter is hit by Mattias Ohlund.
10:02 of 1st period - Icing by Ryan Carter.
10:03 of 1st period - Ryan Carter wins face-off versus Brad Winchester in Influenza zone.
11:20 of 1st period - Snap shot by Pierre-Cédric Labrie.
11:20 of 1st period - Stopped by Mark Dekanich with a rebound.
12:56 of 1st period - Minor Penalty to Ben Smith for Roughing.
12:57 of 1st period - Blake Comeau wins face-off versus Brandon Dubinsky in Influenza zone.
13:34 of 1st period - Slapshot by Mattias Ohlund.
13:34 of 1st period - Shot Misses the Net.
13:36 of 1st period - Slapshot by John Carlson.
13:36 of 1st period - Goal by John Carlson - Influenza : 1 - Atomiques : 1.
13:37 of 1st period - Rob Schremp wins face-off versus Brandon Dubinsky in neutral zone.
13:52 of 1st period - Snap shot by Justin Abdelkader.
13:52 of 1st period - Goal by Justin Abdelkader - Influenza : 2 - Atomiques : 1.
13:53 of 1st period - Brandon Dubinsky wins face-off versus Rob Schremp in neutral zone.
14:04 of 1st period - Snap shot by Rob Schremp.
14:04 of 1st period - Shot Misses the Net.
14:06 of 1st period - Wrist shot by Rob Schremp.
14:06 of 1st period - Stopped by Mark Dekanich without a rebound.
14:07 of 1st period - Ryan Carter wins face-off versus Brandon Dubinsky in Atomiques zone.
14:22 of 1st period - Snap shot by Linus Omark.
14:22 of 1st period - Shot Misses the Net.
15:05 of 1st period - Wrist shot by Alexandre Daigle.
15:05 of 1st period - Deflect By Brandon Dubinsky.
15:05 of 1st period - Shot Blocked by Cody McCormick.
15:05 of 1st period - Puck is out of play.
15:06 of 1st period - Rob Schremp wins face-off versus Tyler Brenner in Influenza zone.
15:17 of 1st period - Wrist shot by Rob Schremp.
15:17 of 1st period - Shot Misses the Net.
16:16 of 1st period - Wrist shot by Cody McCormick.
16:16 of 1st period - Deflect By Ryan Russell.
16:16 of 1st period - Shot Misses the Net.
16:16 of 1st period - Puck is out of play.
16:17 of 1st period - Rob Schremp wins face-off versus Tyler Brenner in Atomiques zone.
16:20 of 1st period - Wrist shot by Justin Abdelkader.
16:20 of 1st period - Deflect By Rob Schremp.
16:20 of 1st period - Shot Misses the Net.
16:20 of 1st period - Puck is out of play.
16:21 of 1st period - Rob Schremp wins face-off versus Brandon Dubinsky in Atomiques zone.
16:22 of 1st period - Wrist shot by Justin Abdelkader.
16:22 of 1st period - Shot Blocked by Brandon Dubinsky.
16:58 of 1st period - Mattias Ohlund is hit by Robbie Earl and loses puck.
17:17 of 1st period - Wrist shot by Ryan Shannon.
17:17 of 1st period - Shot Blocked by Noah Welch.
17:19 of 1st period - Slapshot by Mattias Ohlund.
17:19 of 1st period - Shot Blocked by Pierre-Cédric Labrie.
17:21 of 1st period - Slapshot by John Carlson.
17:21 of 1st period - Stopped by Alex Stalock with a rebound.
17:33 of 1st period - Wrist shot by Blake Comeau.
17:33 of 1st period - Shot Blocked by Brandon Dubinsky.
17:35 of 1st period - Slapshot by Tim Gleason.
17:35 of 1st period - Shot Misses the Net.
17:37 of 1st period - Wrist shot by Tim Gleason.
17:37 of 1st period - Stopped by Mark Dekanich without a rebound.
17:38 of 1st period - Tyler Brenner wins face-off versus Ryan Carter in Atomiques zone.
17:43 of 1st period - Slapshot by Brad Winchester.
17:43 of 1st period - Deflect By John Zeiler.
17:43 of 1st period - Stopped by Alex Stalock without a rebound.
17:44 of 1st period - Tyler Brenner wins face-off versus Ryan Carter in Influenza zone.
17:53 of 1st period - Robbie Earl is hit by Tyler Brenner and loses puck.
18:14 of 1st period - Slapshot by Ryan Carter.
18:14 of 1st period - Shot Blocked by Luke Schenn.
18:24 of 1st period - Wrist shot by John Zeiler.
18:24 of 1st period - Stopped by Alex Stalock with a rebound.
18:28 of 1st period - Snap shot by Brad Winchester.
18:28 of 1st period - Stopped by Alex Stalock without a rebound.
18:29 of 1st period - Brandon Dubinsky wins face-off versus Justin Abdelkader in Influenza zone.
18:36 of 1st period - Wrist shot by Rob Schremp.
18:36 of 1st period - Shot Misses the Net.
18:38 of 1st period - Slapshot by Tim Gleason.
18:38 of 1st period - Stopped by Mark Dekanich with a rebound.
18:40 of 1st period - Snap shot by Rob Schremp.
18:40 of 1st period - Goal by Rob Schremp - Influenza : 3 - Atomiques : 1.
18:41 of 1st period - Rob Schremp wins face-off versus Brandon Dubinsky in neutral zone.
18:50 of 1st period - Wrist shot by Blake Comeau.
18:50 of 1st period - Shot Misses the Net.
19:13 of 1st period - Snap shot by Ryan Carter.
19:13 of 1st period - Stopped by Mark Dekanich without a rebound.
19:14 of 1st period - Kenndal McArdle wins face-off versus Ryan Carter in Atomiques zone.
2nd period
0:01 of 2nd period - Rob Schremp wins face-off versus Brandon Dubinsky in neutral zone.
0:55 of 2nd period - Slapshot by Rob Schremp.
0:55 of 2nd period - Shot Misses the Net.
0:57 of 2nd period - Wrist shot by Tim Gleason.
0:57 of 2nd period - Stopped by Mark Dekanich without a rebound.
0:58 of 2nd period - Ryan Carter wins face-off versus Brandon Dubinsky in Atomiques zone.
1:12 of 2nd period - Double Minor Penalty to Mattias Ohlund for Roughing.
1:13 of 2nd period - Ryan Carter wins face-off versus Tyler Brenner in Atomiques zone.
1:16 of 2nd period - Slapshot by Martins Karsums.
1:16 of 2nd period - Stopped by Mark Dekanich without a rebound.
1:17 of 2nd period - Ryan Carter wins face-off versus Tyler Brenner in Atomiques zone.
1:20 of 2nd period - Wrist shot by Ryan Carter.
1:20 of 2nd period - Stopped by Mark Dekanich without a rebound.
1:21 of 2nd period - Ryan Carter wins face-off versus Tyler Brenner in Atomiques zone.
1:50 of 2nd period - Wrist shot by Martins Karsums.
1:50 of 2nd period - Shot Misses the Net.
1:52 of 2nd period - Wrist shot by Robbie Earl.
1:52 of 2nd period - Deflect By Martins Karsums.
1:52 of 2nd period - Stopped by Mark Dekanich with a rebound.
2:22 of 2nd period - Martins Karsums is hit by Brad Winchester and loses puck.
2:34 of 2nd period - Icing by Tim Gleason.
2:35 of 2nd period - Tyler Brenner wins face-off versus Ryan Carter in Influenza zone.
2:48 of 2nd period - Linus Omark is hit by Rob Schremp and loses puck.
3:33 of 2nd period - Slapshot by Kenndal McArdle.
3:33 of 2nd period - Shot Blocked by Jaime Sifers.
3:35 of 2nd period - Snap shot by Brad Winchester.
3:35 of 2nd period - Shot Misses the Net.
3:53 of 2nd period - Tyler Brenner is hit by Ryan Vesce and loses puck.
4:10 of 2nd period - John Carlson is hit by Cody McCormick and loses puck.
4:26 of 2nd period - Brad Winchester is hit by Ryan Russell and loses puck.
5:12 of 2nd period - Penalty to Mattias Ohlund is over, Mattias Ohlund is back on ice.
5:23 of 2nd period - Snap shot by Ryan Vesce.
5:23 of 2nd period - Stopped by Mark Dekanich without a rebound.
5:24 of 2nd period - Brett Sutter wins face-off versus Rob Schremp in Atomiques zone.
5:54 of 2nd period - Robbie Earl is hit by Luke Schenn and loses puck.
6:22 of 2nd period - Snap shot by Brad Winchester.
6:22 of 2nd period - Shot Misses the Net.
6:24 of 2nd period - Wrist shot by John Zeiler.
6:24 of 2nd period - Goal by John Zeiler - Influenza : 3 - Atomiques : 2.
6:25 of 2nd period - Rob Schremp wins face-off versus Brandon Dubinsky in neutral zone.
7:09 of 2nd period - Snap shot by Ryan Shannon.
7:09 of 2nd period - Shot Blocked by Pierre-Cédric Labrie.
7:11 of 2nd period - Slapshot by John Carlson.
7:11 of 2nd period - Deflect By Kenndal McArdle.
7:11 of 2nd period - Stopped by Alex Stalock with a rebound.
7:13 of 2nd period - Slapshot by Mattias Ohlund.
7:13 of 2nd period - Deflect By Marek Zagrapan.
7:13 of 2nd period - Stopped by Alex Stalock with a rebound.
7:15 of 2nd period - Slapshot by John Carlson.
7:15 of 2nd period - Deflect By Noah Welch.
7:15 of 2nd period - Stopped by Alex Stalock with a rebound.
7:58 of 2nd period - Blake Comeau is hit by Brandon Dubinsky and loses puck.
8:36 of 2nd period - Slapshot by Jamie McBain.
8:36 of 2nd period - Shot Blocked by Luke Schenn.
8:42 of 2nd period - Backhand shot by Martins Karsums.
8:42 of 2nd period - Stopped by Mark Dekanich without a rebound.
8:43 of 2nd period - Brandon Dubinsky wins face-off versus Cody McCormick in Atomiques zone.
8:53 of 2nd period - Wrist shot by Cody McCormick.
8:53 of 2nd period - Stopped by Mark Dekanich with a rebound.
9:11 of 2nd period - Slapshot by Brad Winchester.
9:11 of 2nd period - Stopped by Alex Stalock with a rebound.
9:13 of 2nd period - Backhand shot by Tyler Brenner.
9:13 of 2nd period - Stopped by Alex Stalock with a rebound.
9:15 of 2nd period - Wrist shot by Brad Winchester.
9:15 of 2nd period - Shot Blocked by Martins Karsums.
9:50 of 2nd period - Wrist shot by Luke Schenn.
9:50 of 2nd period - Shot Blocked by Jaime Sifers.
9:52 of 2nd period - Snap shot by Ryan Shannon.
9:52 of 2nd period - Stopped by Alex Stalock without a rebound.
9:53 of 2nd period - Marek Zagrapan wins face-off versus Brett Sutter in Influenza zone.
10:04 of 2nd period - Snap shot by Ryan Vesce.
10:04 of 2nd period - Shot Hit the Post.
10:09 of 2nd period - John Carlson is hit by Justin Abdelkader and loses puck.
10:36 of 2nd period - Snap shot by Rob Schremp.
10:36 of 2nd period - Shot Misses the Net.
10:38 of 2nd period - Wrist shot by Blake Comeau.
10:38 of 2nd period - Stopped by Mark Dekanich with a rebound.
10:40 of 2nd period - Snap shot by Rob Schremp.
10:40 of 2nd period - Stopped by Mark Dekanich without a rebound.
10:41 of 2nd period - Ryan Carter wins face-off versus Brandon Dubinsky in Atomiques zone.
10:42 of 2nd period - Slapshot by Noah Welch.
10:42 of 2nd period - Shot Blocked by Alexandre Daigle.
11:06 of 2nd period - Martins Karsums is hit by Brett Sutter and loses puck.
11:25 of 2nd period - Wrist shot by Ryan Carter.
11:25 of 2nd period - Stopped by Mark Dekanich with a rebound.
11:27 of 2nd period - Slapshot by Alexander Sulzer.
11:27 of 2nd period - Stopped by Mark Dekanich without a rebound.
11:28 of 2nd period - Rob Schremp wins face-off versus Tyler Brenner in Atomiques zone.
11:43 of 2nd period - Wrist shot by Justin Abdelkader.
11:43 of 2nd period - Shot Misses the Net.
12:05 of 2nd period - Off-side.
12:06 of 2nd period - Tyler Brenner wins face-off versus Cody McCormick in neutral zone.
12:32 of 2nd period - Tyler Brenner is hit by Martins Karsums and loses puck.
14:23 of 2nd period - Slapshot by John Zeiler.
14:23 of 2nd period - Stopped by Alex Stalock with a rebound.
14:25 of 2nd period - Wrist shot by Brad Winchester.
14:25 of 2nd period - Goal by Brad Winchester - Influenza : 3 - Atomiques : 3.
14:26 of 2nd period - Alexandre Daigle wins face-off versus Ryan Carter in neutral zone.
14:34 of 2nd period - Off-side.
14:35 of 2nd period - Ryan Carter wins face-off versus Brandon Dubinsky in neutral zone.
14:46 of 2nd period - Snap shot by Martins Karsums.
14:46 of 2nd period - Stopped by Mark Dekanich without a rebound.
14:47 of 2nd period - Ryan Carter wins face-off versus Brandon Dubinsky in Atomiques zone.
14:48 of 2nd period - Snap shot by Martins Karsums.
14:48 of 2nd period - Stopped by Mark Dekanich without a rebound.
14:48 of 2nd period - Minor Penalty to Luke Schenn for Roughing.
14:48 of 2nd period - Minor Penalty to Ryan Carter for High sticking.
14:49 of 2nd period - Blake Comeau wins face-off versus Brandon Dubinsky in Atomiques zone.
15:06 of 2nd period - Brandon Dubinsky is hit by Rob Schremp and loses puck.
15:33 of 2nd period - Slapshot by Mattias Ohlund.
15:33 of 2nd period - Deflect By Justin Abdelkader.
15:33 of 2nd period - Stopped by Alex Stalock without a rebound.
15:34 of 2nd period - Justin Abdelkader wins face-off versus Nick Johnson in Influenza zone.
16:45 of 2nd period - Ryan Vesce is hit by John Zeiler and loses puck.
16:48 of 2nd period - Penalty to Luke Schenn is over, Luke Schenn is back on ice.
16:48 of 2nd period - Penalty to Ryan Carter is over, Ryan Carter is back on ice.
17:04 of 2nd period - Snap shot by John Zeiler.
17:04 of 2nd period - Shot Misses the Net.
17:20 of 2nd period - Wrist shot by Justin Abdelkader.
17:20 of 2nd period - Stopped by Mark Dekanich without a rebound.
17:21 of 2nd period - Cody McCormick wins face-off versus Brett Sutter in Atomiques zone.
17:34 of 2nd period - Noah Welch is hit by Brett Sutter.
17:37 of 2nd period - Minor Penalty to Ben Smith for Holding.
17:38 of 2nd period - Blake Comeau wins face-off versus Brandon Dubinsky in Influenza zone.
17:49 of 2nd period - Tim Gleason is hit by Mattias Ohlund and loses puck.
18:57 of 2nd period - Tyler Brenner is hit by Justin Abdelkader and loses puck.
19:04 of 2nd period - Justin Abdelkader is hit by Mattias Ohlund and loses puck.
19:16 of 2nd period - Noah Welch is hit by Mattias Ohlund.
19:20 of 2nd period - Slapshot by Tim Gleason.
19:20 of 2nd period - Stopped by Mark Dekanich without a rebound.
19:21 of 2nd period - Brandon Dubinsky wins face-off versus Blake Comeau in Atomiques zone.
19:30 of 2nd period - Snap shot by Alexandre Daigle.
19:30 of 2nd period - Stopped by Alex Stalock with a rebound.
19:32 of 2nd period - Snap shot by Brandon Dubinsky.
19:32 of 2nd period - Goal by Brandon Dubinsky - Influenza : 3 - Atomiques : 4.
19:33 of 2nd period - Rob Schremp wins face-off versus Brandon Dubinsky in neutral zone.
19:49 of 2nd period - Icing by Blake Comeau.
19:50 of 2nd period - Rob Schremp wins face-off versus Brett Sutter in Influenza zone.
19:50 of 2nd period - Rob Schremp is hit by Brendon Nash.
3rd period
0:01 of 3rd period - Justin Abdelkader wins face-off versus Brandon Dubinsky in neutral zone.
0:38 of 3rd period - Wrist shot by Ryan Shannon.
0:38 of 3rd period - Deflect By Brett Sutter.
0:38 of 3rd period - Shot Blocked by Noah Welch.
0:38 of 3rd period - Puck is out of play.
0:39 of 3rd period - Tyler Brenner wins face-off versus Rob Schremp in Influenza zone.
0:42 of 3rd period - Wrist shot by Brad Winchester.
0:42 of 3rd period - Shot Misses the Net.
0:54 of 3rd period - Wrist shot by Rob Schremp.
0:54 of 3rd period - Deflect By Brad Winchester.
0:54 of 3rd period - Stopped by Mark Dekanich with a rebound.
1:06 of 3rd period - Robbie Earl is hit by Brendon Nash and loses puck.
1:13 of 3rd period - Wrist shot by Brandon Dubinsky.
1:13 of 3rd period - Stopped by Alex Stalock with a rebound.
1:15 of 3rd period - Snap shot by Linus Omark.
1:15 of 3rd period - Goal by Linus Omark - Influenza : 3 - Atomiques : 5.
1:15 of 3rd period - Brent Krahn enters game.
1:16 of 3rd period - Brandon Dubinsky wins face-off versus Rob Schremp in neutral zone.
1:21 of 3rd period - Blake Comeau is hit by Linus Omark.
1:32 of 3rd period - Slapshot by Tim Gleason.
1:32 of 3rd period - Shot Misses the Net.
1:46 of 3rd period - Wrist shot by Ryan Shannon.
1:46 of 3rd period - Stopped by Brent Krahn with a rebound.
1:48 of 3rd period - Wrist shot by Kenndal McArdle.
1:48 of 3rd period - Stopped by Brent Krahn with a rebound.
1:50 of 3rd period - Wrist shot by Brett Sutter.
1:50 of 3rd period - Stopped by Brent Krahn with a rebound.
1:52 of 3rd period - Wrist shot by Brett Sutter.
1:52 of 3rd period - Shot Misses the Net.
1:54 of 3rd period - Wrist shot by Kenndal McArdle.
1:54 of 3rd period - Stopped by Brent Krahn with a rebound.
2:32 of 3rd period - Alexander Sulzer is hit by Brendon Nash and loses puck.
2:34 of 3rd period - Minor Penalty to Cody McCormick for Holding.
2:35 of 3rd period - Blake Comeau wins face-off versus Brandon Dubinsky in Influenza zone.
3:11 of 3rd period - Slapshot by Brendon Nash.
3:11 of 3rd period - Stopped by Brent Krahn with a rebound.
4:34 of 3rd period - Penalty to Cody McCormick is over, Cody McCormick is back on ice.
4:43 of 3rd period - Cody McCormick is hit by Mattias Ohlund and loses puck.
4:52 of 3rd period - Alexander Sulzer is hit by Nick Johnson and loses puck.
6:00 of 3rd period - Minor Penalty to Drew Larman for Tripping.
6:01 of 3rd period - Blake Comeau wins face-off versus Tyler Brenner in Atomiques zone.
6:04 of 3rd period - Wrist shot by Justin Abdelkader.
6:04 of 3rd period - Stopped by Mark Dekanich with a rebound.
6:26 of 3rd period - Minor Penalty to Martins Karsums for Tripping.
6:27 of 3rd period - Blake Comeau wins face-off versus Brandon Dubinsky in Influenza zone.
7:40 of 3rd period - Tyler Brenner is hit by Noah Welch and loses puck.
8:00 of 3rd period - Penalty to Drew Larman is over, Drew Larman is back on ice.
8:26 of 3rd period - Penalty to Martins Karsums is over, Martins Karsums is back on ice.
8:58 of 3rd period - John Carlson is hit by Martins Karsums and loses puck.
9:24 of 3rd period - Slapshot by Blake Comeau.
9:24 of 3rd period - Shot Misses the Net.
9:26 of 3rd period - Snap shot by Alexander Sulzer.
9:26 of 3rd period - Stopped by Mark Dekanich without a rebound.
9:27 of 3rd period - Brandon Dubinsky wins face-off versus Marek Zagrapan in Atomiques zone.
10:40 of 3rd period - Daniel Tjarnqvist is hit by Jaime Sifers.
11:41 of 3rd period - Minor Penalty to Tim Gleason for Tripping.
11:42 of 3rd period - Blake Comeau wins face-off versus Brandon Dubinsky in Influenza zone.
11:51 of 3rd period - Blake Comeau is hit by Linus Omark and loses puck.
12:58 of 3rd period - Justin Abdelkader is hit by John Zeiler and loses puck.
13:28 of 3rd period - Alexander Sulzer is hit by Brandon Dubinsky and loses puck.
13:41 of 3rd period - Penalty to Tim Gleason is over, Tim Gleason is back on ice.
16:33 of 3rd period - Alexander Sulzer is hit by Drew Larman and loses puck.
16:44 of 3rd period - John Zeiler is hit by Marek Zagrapan.
16:45 of 3rd period - Icing by John Zeiler.
16:46 of 3rd period - Tyler Brenner wins face-off versus Marek Zagrapan in Atomiques zone.
16:52 of 3rd period - Noah Welch is hit by Mattias Ohlund and loses puck.
17:35 of 3rd period - Martins Karsums is hit by Brendon Nash and loses puck.
17:40 of 3rd period - Snap shot by Daniel Tjarnqvist.
17:40 of 3rd period - Stopped by Brent Krahn with a rebound.
17:59 of 3rd period - Wrist shot by Brandon Dubinsky.
17:59 of 3rd period - Stopped by Brent Krahn without a rebound.
18:00 of 3rd period - Rob Schremp wins face-off versus Brandon Dubinsky in Influenza zone.
18:05 of 3rd period - Snap shot by Brandon Dubinsky.
18:05 of 3rd period - Stopped by Brent Krahn with a rebound.
18:13 of 3rd period - Snap shot by Rob Schremp.
18:13 of 3rd period - Deflect By Alexandre Daigle.
18:13 of 3rd period - Shot Misses the Net.
18:13 of 3rd period - Puck is out of play.
18:14 of 3rd period - Marek Zagrapan wins face-off versus Brett Sutter in Atomiques zone.
18:23 of 3rd period - Minor Penalty to Kenndal McArdle for Holding.
18:24 of 3rd period - Rob Schremp wins face-off versus Tyler Brenner in Atomiques zone.
18:27 of 3rd period - Slapshot by Rob Schremp.
18:27 of 3rd period - Shot Misses the Net.
18:29 of 3rd period - Slapshot by Tim Gleason.
18:29 of 3rd period - Deflect By Linus Omark.
18:29 of 3rd period - Stopped by Mark Dekanich with a rebound.
18:31 of 3rd period - Snap shot by Noah Welch.
18:31 of 3rd period - Shot Blocked by Mattias Ohlund.
18:33 of 3rd period - Snap shot by Noah Welch.
18:33 of 3rd period - Stopped by Mark Dekanich with a rebound.
18:35 of 3rd period - Wrist shot by Blake Comeau.
18:35 of 3rd period - Shot Blocked by Tyler Brenner.
18:37 of 3rd period - Backhand shot by Rob Schremp.
18:37 of 3rd period - Stopped by Mark Dekanich with a rebound.
18:39 of 3rd period - Wrist shot by Rob Schremp.
18:39 of 3rd period - Shot Misses the Net.
18:53 of 3rd period - Slapshot by Martins Karsums.
18:53 of 3rd period - Shot Misses the Net.
18:55 of 3rd period - Snap shot by Tim Gleason.
18:55 of 3rd period - Shot Misses the Net.
18:57 of 3rd period - Wrist shot by Robbie Earl.
18:57 of 3rd period - Stopped by Mark Dekanich with a rebound.
18:59 of 3rd period - Wrist shot by Ryan Carter.
18:59 of 3rd period - Shot Blocked by Linus Omark.
19:31 of 3rd period - Blake Comeau is hit by Daniel Tjarnqvist and loses puck.
Output by the SimonT Hockey Simulator (STHS) for François Prévost -- Original Page W3C XHTML 1.0 Valid